 Dungeon Crawl Stone Soup version 0.30.0-10-gfe55d96785 (webtiles) character file.

Game seed: 13733787990272861369

122 McKennaii the Conjurer (level 4, -6/49 HPs)
             Began as a Demigod Conjurer on May 15, 2023.
             Killed from afar by an orc wizard (7 damage)
             ... with a puff of flame
             ... on level 3 of the Dungeon.
             The game lasted 00:03:06 (2975 turns).

McKennaii the Conjurer (Demigod Conjurer)           Turns: 2975, Time: 00:03:08

Health: -6/49      AC:  2    Str:  6 (8)  XL:     4   Next: 50%
Magic:  3/11       EV: 12    Int: 21 (24) God:
Gold:   146        SH:  5    Dex:  9 (12) Spells: 2/9 levels left

rFire   . . .        q - +1 spear (heavy)
rCold   . . .        (no shield)
rNeg    . . .        a - +0 robe
rPois   .            (no helmet)
rElec   .            (no cloak)
rCorr   .            (no gloves)
SInv    .            (no boots)
Will    .....        g - amulet of reflection Stlth
                     j - ring of wizardry
HPRegen 0.28/turn    (no ring)
MPRegen 0.12/turn

%: reflection, wizardry (x1)
@: brilliant, berserking, attractive, very quick
A: high MP 1, forlorn, divine attributes
a: no special abilities


You were on level 3 of the Dungeon.
You visited 1 branch of the dungeon, and saw 3 of its levels.

You collected 146 gold pieces.

Inventory:

Hand Weapons
 q - a +1 heavy spear (weapon)
Armour
 a - a +0 robe (worn)
Jewellery
 g - an amulet of reflection (around neck)
 j - a ring of wizardry (left hand)
Wands
 m - a wand of light (8)
Scrolls
 c - 2 scrolls of identify {unknown}
 f - a scroll of noise {unknown}
 h - 2 scrolls of amnesia {unknown}
 i - 3 scrolls of enchant armour {unknown}
 l - 2 scrolls of blinking {unknown}
 o - a scroll of fog {unknown}
 s - a scroll of immolation {unknown}
 u - a scroll of fear {unknown}
Potions
 b - a potion of magic
 n - a potion of brilliance
 p - 2 potions of attraction
 v - a potion of curing {unknown}


   Skills:
 - Level 1.7 Dodging
 - Level 1.7 Stealth
 + Level 3.2 Spellcasting
 + Level 4.7 Conjurations


You had 2 spell levels left.
You knew the following spells:

 Your Spells              Type           Power      Damage    Failure   Level
a - Magic Dart            Conj           100%       1d8       1%          1
b - Searing Ray           Conj           70%        2d7       1%          2
c - Iskenderun's Mystic   Conj/Tloc      20%        2d6       19%         4

Your spell library contained the following spells:

 Spells                   Type           Power      Damage    Failure   Level
 Dazzling Flash           Conj/Hex       40%        N/A       6%          3
 Fulminant Prism          Conj/Hex       10%        3d9       19%         4


Dungeon Overview and Level Annotations

Branches:
Dungeon (3/15)


Innate Abilities, Weirdness & Mutations

You have an increased reservoir of magic. (+10% MP)
You shall have no god before yourself.
Your divine heritage dramatically boosts your attributes as you level up.


Message History

Aim: an orc priest, wielding a +0 dagger and wearing a +2 ring mail of poison resistance (almost dead, 82% to hit)
The searing ray hits the orc priest.
You kill the orc priest! (Press . to maintain the ray.)
You hear some strange, mumbled words.
A puff of flame appears from out of thin air!
The puff of flame hits you!
* * * LOW HITPOINT WARNING * * *
It was a potion of flight.
You feel very buoyant.
You fly up into the air.
Something hits you but does no damage.
It was a potion of degeneration.
There was something very wrong with that liquid.
You feel weakened.
You feel dopey.
You feel clumsy. Something hits you.
* * * LOW HITPOINT WARNING * * *
It was a potion of cancellation.
Your magical effects are unravelling.
You feel magically purged.
You float gracefully downwards.
Something hits you but does no damage.
It was a potion of brilliance.
You feel clever all of a sudden. Something hits you.
* * * LOW HITPOINT WARNING * * *
It was a potion of attraction.
You feel attractive to monsters. Something hits you but does no damage.
It was a potion of berserk rage.
A red film seems to cover your vision as you go berserk!
You feel yourself moving faster!
You feel mighty!
You hear some strange, mumbled words.
Something tries to affect you, but you resist.
You miss something. Something hits you.
* * * LOW HITPOINT WARNING * * *
You closely miss something. Something hits you.
* * * LOW HITPOINT WARNING * * *
You hear some strange, mumbled words.
A puff of flame appears from out of thin air!
The puff of flame hits you!
You die...

#......########.##...#...#......
##...........##..##.###..........
...#............###.# ##.........
.#............#####.# #.........
.###..........# #(.#####........
...#..........####.###...........
.#..............)......####......
................#).....<.#.......
.###..........#.@{..####.......##
.# #.#.##.#.....#.#.######.#).##
.###.#..#.##.#....#....###.#.##
......#.#.##.#.#..####>.##.#)#
.###....#.##........###.##.#[#
..##.#....##...#..#.###..#.#.#
......................##...#.###
...............................#
####..##..............)........##


There were no monsters in sight!

Vanquished Creatures
  An orc priest (D:3)
  An orc wizard (D:3)
  An adder (D:2)
  4 worms
  2 dart slugs (D:1)
  5 orcs (D:3)
  3 endoplasms
  2 giant cockroaches (D:3)
  2 goblins
  2 hobgoblins
  2 quokkas
  2 ball pythons (D:1)
  4 bats
  3 frilled lizards
  5 kobolds
  4 rats
43 creatures vanquished.

Notes
Turn   | Place    | Note
-------+----------+-------------------------------------------
     0 | D:1      | McKennaii the Demigod Conjurer began the quest for the Orb.
     0 | D:1      | Reached XP level 1. HP: 14/14 MP: 5/5
   306 | D:1      | Reached XP level 2. HP: 17/20 MP: 1/7
   871 | D:2      | Learned a level 2 spell: Searing Ray
   958 | D:2      | Reached skill level 4 in Conjurations
  1566 | D:2      | Reached XP level 3. HP: 26/26 MP: 4/9
  2692 | D:3      | Reached XP level 4. HP: 16/33 MP: 1/11
  2939 | D:3      | Learned a level 4 spell: Iskenderun's Mystic Blast
  2974 | D:3      | HP: 1/49 [something (4)]
  2975 | D:3      | Killed from afar by an orc wizard

Illustrated notes

Levels and vault maps discovered:
D:1:      pf_arrival_petrified_forest, layout_basic, bh_walls_and_bars
D:2:      layout_basic, basic_altar, minmay_unequal
D:3:      layout_rooms, grunt_ministairs_6

Skill      XL: |  1  2  3 |
---------------+----------+-----
Spellcasting   | 2 3 |  3.2
Conjurations   | 4 |  4.7
Dodging        | |  1.7
Stealth        | |  1.7

Action                     |  1- 3 |  4- 6 || total
---------------------------+-------+-------++-------
  Melee: Unarmed           |    28 |       ||    28
         Spear             |    10 |     2 ||    12
   Cast: Magic Dart        |    95 |     3 ||    98
         Searing Ray       |     9 |     3 ||    12
    Use: Potion            |       |     6 ||     6
 Armour: Robe              |     8 |     5 ||    13
  Dodge: Dodged            |    39 |     1 ||    40
  Block: Other             |    10 |       ||    10
